 Dungeon Crawl Stone Soup version 0.31-a0-920-g28cbb04a8c (webtiles) character file.

Game seed: 12192369398569830952

4028 croobank the Nimble (level 10, -1/82 HPs)
             Began as a Gnoll Monk on Oct 17, 2023.
             Was an Initiate of Gozag.
             Slain by a yak (10 damage)
             ... on level 7 of the Dungeon.
             The game lasted 00:17:34 (6964 turns).

croobank the Nimble (Gnoll Monk)                    Turns: 6964, Time: 00:17:35

Health: -1/82      AC:  6    Str: 10    XL:     10   Next: 24%
Magic:  13/19      EV: 16    Int: 15    God:    Gozag
Gold:   875        SH:  0    Dex: 14    Spells: 17/22 levels left

rFire   . . .        l - +9 sword of Zonguldrok {reap}
rCold   . . .        d - orb {light}
rNeg    . . .        b - +0 robe
rPois   .            (no helmet)
rElec   .            n - +0 cloak
rCorr   .            m - +2 pair of gloves
SInv    .            (no boots)
Will    .....        (no amulet)
Stlth   +            (no ring)
HPRegen 0.33/turn    (no ring)
MPRegen 0.16/turn

%: no passive effects
@: very slightly contaminated, slowed, glowing, studying Spellcasting, very slow
A: fangs 1, strong nose, distributed training
a: Renounce Religion, Potion Petition, Call Merchant, Bribe Branch


You were on level 7 of the Dungeon.
You worshipped Gozag.
Gozag was pleased with you.
You visited 2 branches of the dungeon, and saw 9 of its levels.
You also visited: Ossuary.

You collected 875 gold pieces.

Inventory:

Hand Weapons
 a - a +1 short sword
 e - a +1 heavy trident
 l - the +9 sword of Zonguldrok (weapon) {reap}
   (You found it on level 2 of the Dungeon)
 s - a +2 dagger of flaming
Missiles
 h - 6 boomerangs
 D - 3 poisoned darts
Armour
 b - a +0 robe (worn)
 d - an orb of light (worn)
 m - a +2 pair of gloves (worn)
 n - a +0 cloak (worn)
Jewellery
 i - an amulet of reflection
Wands
 c - a wand of charming (7)
 p - a wand of mindburst (9)
Scrolls
 f - a scroll of noise
 j - a scroll of poison
 r - 2 scrolls of fog
 t - 2 scrolls of teleportation
 v - a scroll of enchant weapon
 w - a scroll of silence {unknown}
 x - 2 scrolls of vulnerability
 y - 2 scrolls of identify
 B - a scroll of fear {unknown}
 C - a scroll of amnesia {unknown}
Potions
 g - 2 potions of invisibility {unknown}
 k - 4 potions of curing
 o - 4 potions of mutation {unknown}
 q - a potion of attraction {unknown}
 u - a potion of brilliance
 z - a potion of cancellation {unknown}
 A - a potion of might {unknown}


   Skills:
 + Level 8.4 Fighting
 + Level 8.4 Short Blades
 + Level 5.2 Long Blades
 + Level 5.2 Axes
 + Level 5.2 Maces & Flails
 + Level 5.2 Polearms
 + Level 5.2 Staves
 + Level 5.2 Ranged Weapons
 + Level 5.2 Throwing
 + Level 5.2 Armour
 + Level 8.4 Dodging
 + Level 5.2 Stealth
 + Level 5.2 Shields
 + Level 5.2 Unarmed Combat
 + Level 6.5 Spellcasting
 + Level 4.2 Conjurations
 + Level 4.2 Hexes
 + Level 4.2 Summonings
 + Level 4.2 Necromancy
 + Level 4.2 Translocations
 + Level 4.2 Transmutations
 + Level 4.2 Fire Magic
 + Level 4.2 Ice Magic
 + Level 4.2 Air Magic
 + Level 4.2 Earth Magic
 + Level 4.2 Poison Magic
 + Level 5.7 Invocations
 + Level 5.2 Evocations
 + Level 4.7 Shapeshifting


You had 17 spell levels left.
You knew the following spells:

 Your Spells              Type           Power      Damage    Failure   Level
a - Jinxbite              Hex            34%        N/A       3%          2
d - Summon Guardian Gole  Hex/Summ       17%        N/A       8%          3

Your spell library contained the following spells:

 Spells                   Type           Power      Damage    Failure   Level
 Apportation              Tloc           34%        N/A       2%          1
 Gell's Gravitas          Tloc           17%        N/A       8%          3
 Teleport Other           Tloc           17%        N/A       8%          3
 Alistair's Intoxication  Tmut/Pois      11%        N/A       56%         5
 Dispersal                Tloc           8%         N/A       98%         6
 Orb of Destruction       Conj           8%         9d6       100%        7
 Spellforged Servitor     Conj/Summ      8%         N/A       100%        7


Dungeon Overview and Level Annotations

Branches:
Dungeon (8/15)             Temple (1/1) D:5         Ossuary (visited)
   Lair: D:8-11

Altars:
Ashenzari
Cheibriados
Dithmenos
Fedhas
Gozag
Hepliaklqana
Kikubaaqudgha
Makhleb
Nemelex Xobeh
Okawaru
Qazlal
Sif Muna
Trog
Uskayaw
Vehumet
Wu Jian
Xom
Yredelemnul
Zin
The Shining One

Annotations:
D:8 Jeremiah


Innate Abilities, Weirdness & Mutations

You have very sharp teeth.
Your uncanny sense of smell can sniff out nearby items.
Your experience applies equally to all skills.


Message History

The orc wizard gestures wildly while chanting.
The orc wizard flickers and vanishes!
Deactivating autopickup; reactivate with Ctrl-A.
The butterfly disappears in a burst of colours!
You see here 3 poisoned darts.
D - 3 poisoned darts
There is a stone staircase leading up here.
The orc wizard points at you and mumbles some strange words.
The puff of flame hits your yak!
You climb upwards.
Reactivating autopickup.
There is a stone staircase leading down here.
You start resting.
The yak is no longer charmed.
The yak completely misses you.
Your yak gores the yak!
The yak is no longer charmed.
The yak attacks as it pursues you! The yak gores you but does no damage.
You slice the yak!! You bite the yak, but do no damage.
The yak is almost dead.
The yak gores you!
* * * LOW HITPOINT WARNING * * *
Okay, then.
You completely miss the yak. Your bite misses the yak.
The yak is almost dead.
The yak completely misses you. The yak gores you!
* * * LOW HITPOINT WARNING * * *
You feel better. The yak gores you.
* * * LOW HITPOINT WARNING * * *
Cast which spell? (? or * to list)
You miscast Summon Guardian Golem.
You are very lightly contaminated with residual magic.
Magic surges out from your body.
You feel yourself slow down. The yak gores you!
* * * LOW HITPOINT WARNING * * *
Casting: Summon Guardian Golem (dangerous; 8% risk of failure)
Confirm with . or Enter, or press ? or * to list all spells.
A guardian golem appears, shielding your allies.
The yak gores you!
You die...
Your body crumbles into a pile of gold.

######..................#######.#
...###.###.##.......#.#.# #.#
##............#####.#.#.# #.#
#####.###.##.# #.#.#.#######.#
#.##.....# #..............
#.##..##.# #.#.#<.#.###..# #
#.##..##.#####.#.#..#.###..# #
#.##..##.......#.#.........# #
#.##..#####@####.#..#.###.## #
#.....#####Y####.#....# #.# #
####......9Y.....##.### #.##
#..###.#########.#####... #..#
#.# #......... #..# #.#
########## #..# #.# #
#########..# #.# # ........#..#
#.# #


You could see 2 yaks and a friendly guardian golem (summoned).

Vanquished Creatures
  5 yaks
  5 humans (D:6)
  A steam dragon (D:7)
  2 water moccasins
  An orc warrior (D:7)
  2 ice beasts (D:5)
  2 sky beasts (D:7)
  A black bear (D:6)
  2 ogres
  2 elf zombies (Ossuary)
  5 scorpions
  2 bullfrogs (D:6)
  A howler monkey (D:6)
  3 jellies
  4 hounds
  2 orc priests (D:4)
  An iguana (D:5)
  An orc wizard (D:5)
  Terence (D:3)
  2 hound zombies (Ossuary)
  4 mummies (Ossuary)
  6 adders
  3 gnolls (D:5)
  3 river rats (D:6)
  A shadow imp (D:5)
  4 white imps
  A worm (D:5)
  17 orcs
  5 bats
  8 endoplasms
  3 giant cockroaches
  5 goblins
  6 hobgoblins
  4 jackals (D:3)
  8 kobolds
  10 quokkas
  5 ball pythons
  4 frilled lizards
  2 goblin zombies (Ossuary)
  3 hobgoblin zombies (Ossuary)
  A jackal zombie (Ossuary)
  An orc zombie (Ossuary)
  2 quokka zombies (D:7)
  8 rats
  A rat zombie (Ossuary)
160 creatures vanquished.

Vanquished Creatures (collateral kills)
  A human (D:6)
  A centaur (D:6)
  A hound (D:5)
  An orc priest (D:5)
  An orc wizard (D:3)
  A gnoll (D:5)
  2 shadow imps
  3 orcs
11 creatures vanquished.

Vanquished Creatures (others)
  A worm zombie (D:5)
  A gnoll zombie (D:5)
  A goblin zombie (D:4)
  A jackal zombie (D:3)
  A kobold zombie (D:4)
  6 orc zombies
  2 quokka zombies
  A rat zombie (D:3)
14 creatures vanquished.

Grand Total: 185 creatures vanquished

Notes
Turn   | Place    | Note
-------+----------+-------------------------------------------
     0 | D:1      | croobank the Gnoll Monk began the quest for the Orb.
     0 | D:1      | Reached XP level 1. HP: 23/23 MP: 1/1
   283 | D:1      | Reached XP level 2. HP: 26/29 MP: 2/2
   905 | D:2      | Reached XP level 3. HP: 32/35 MP: 3/3
  1248 | D:2      | Reached skill level 1 in Invocations
  1294 | D:2      | Reached skill level 1 in Long Blades
  1294 | D:2      | Reached skill level 1 in Axes
  1294 | D:2      | Reached skill level 1 in Maces & Flails
  1294 | D:2      | Reached skill level 1 in Polearms
  1294 | D:2      | Reached skill level 1 in Staves
  1294 | D:2      | Reached skill level 1 in Ranged Weapons
  1294 | D:2      | Reached skill level 1 in Throwing
  1294 | D:2      | Reached skill level 1 in Armour
  1294 | D:2      | Reached skill level 1 in Stealth
  1294 | D:2      | Reached skill level 1 in Shields
  1294 | D:2      | Reached skill level 1 in Unarmed Combat
  1294 | D:2      | Reached skill level 1 in Spellcasting
  1294 | D:2      | Reached skill level 1 in Evocations
  1424 | D:2      | Found the +9 sword of Zonguldrok {reap}
  1777 | D:3      | Noticed an ogre
  1788 | D:3      | Noticed Terence
  1790 | D:3      | Killed an ogre
  1791 | D:3      | Reached skill level 1 in Conjurations
  1791 | D:3      | Reached skill level 1 in Hexes
  1791 | D:3      | Reached skill level 1 in Summonings
  1791 | D:3      | Reached skill level 1 in Necromancy
  1791 | D:3      | Reached skill level 1 in Translocations
  1791 | D:3      | Reached skill level 1 in Transmutations
  1791 | D:3      | Reached skill level 1 in Fire Magic
  1791 | D:3      | Reached skill level 1 in Ice Magic
  1791 | D:3      | Reached skill level 1 in Air Magic
  1791 | D:3      | Reached skill level 1 in Earth Magic
  1791 | D:3      | Reached skill level 1 in Poison Magic
  1791 | D:3      | Reached skill level 1 in Shapeshifting
  1791 | D:3      | Reached XP level 4. HP: 22/41 MP: 4/6
  1791 | D:3      | Reached XP level 5. HP: 26/47 MP: 4/7
  1797 | D:3      | Killed Terence
  2539 | D:3      | Reached XP level 6. HP: 53/53 MP: 8/8
  2669 | D:4      | HP: 2/53 [orc priest/divine providence (12)]
  3022 | D:4      | Learned a level 3 spell: Summon Guardian Golem
  3500 | D:5      | Entered Level 5 of the Dungeon
  3508 | D:5      | Reached XP level 7. HP: 49/59 MP: 10/10
  3656 | D:5      | Found a staircase to the Ecumenical Temple.
  3729 | D:5      | Reached XP level 8. HP: 53/67 MP: 12/12
  3841 | D:5      | Noticed a yak
  3847 | D:5      | Killed a yak
  4180 | Temple   | Entered the Ecumenical Temple
  4193 | Temple   | Became a worshipper of Gozag Ym Sagoz the Greedy
  4507 | D:6      | Reached XP level 9. HP: 26/73 MP: 15/15
  5104 | D:6      | Reached skill level 5 in Spellcasting
  5394 | D:6      | Reached skill level 5 in Invocations
  5849 | D:6      | Learned a level 2 spell: Jinxbite
  6062 | D:7      | Found a sand-covered staircase.
  6082 | Ossuary  | Entered an ossuary
  6545 | D:7      | Found an ornate altar of the Wu Jian Council.
  6556 | D:7      | Reached XP level 10. HP: 55/80 MP: 17/19
  6646 | D:7      | Reached skill level 5 in Long Blades
  6646 | D:7      | Reached skill level 5 in Axes
  6646 | D:7      | Reached skill level 5 in Maces & Flails
  6646 | D:7      | Reached skill level 5 in Polearms
  6646 | D:7      | Reached skill level 5 in Staves
  6646 | D:7      | Reached skill level 5 in Ranged Weapons
  6646 | D:7      | Reached skill level 5 in Throwing
  6646 | D:7      | Reached skill level 5 in Armour
  6646 | D:7      | Reached skill level 5 in Stealth
  6646 | D:7      | Reached skill level 5 in Shields
  6646 | D:7      | Reached skill level 5 in Unarmed Combat
  6646 | D:7      | Reached skill level 5 in Evocations
  6902 | D:8      | Noticed Jeremiah
  6964 | D:7      | Slain by a yak

Illustrated notes

Levels and vault maps discovered:
D:1:      eino_arrival_druids_welcome, layout_loops_ring, minivault_11,
          amcnicky_mini_rare_corridor_liquid, skrybe_limestone_x
D:2:      layout_loops_corners
D:3:      layout_loops_ring, uniq_terence
D:4:      layout_cave_pools
D:5:      layout_rooms, minmay_temple_entry_hall, minmay_manual_mail
D:6:      layout_loops_ring, portal_sewer_entry_e,
          ebering_dispersal_statue_hall, minmay_ruffians
D:7:      layout_loops_ring, lemuel_round_altar, enter_ossuary_4
D:8:      kennysheep_six_static_rooms, layout_rooms, minmay_lizard_king,
          uniq_jeremiah
Temple:   hellmonk_temple_of_storms

Skill      XL: |  1  2  3  4  5  6  7  8  9 10 |
---------------+-------------------------------+-----
Invocations    | 1 2 3 4 5 |  5.7
Long Blades    | 1 2 3 4 5 |  5.2
Axes           | 1 2 3 4 5 |  5.2
Maces & Flails | 1 2 3 4 5 |  5.2
Polearms       | 1 2 3 4 5 |  5.2
Staves         | 1 2 3 4 5 |  5.2
Ranged Weapons | 1 2 3 4 5 |  5.2
Throwing       | 1 2 3 4 5 |  5.2
Armour         | 1 2 3 4 5 |  5.2
Stealth        | 1 2 3 4 5 |  5.2
Shields        | 1 2 3 4 5 |  5.2
Unarmed Combat | 1 2 3 4 5 |  5.2
Spellcasting   | 1 2 3 4 6 |  6.5
Evocations     | 1 2 3 4 5 |  5.2
Conjurations   | 1 2 3 4 |  4.2
Hexes          | 1 2 3 4 |  4.2
Summonings     | 1 2 3 4 |  4.2
Necromancy     | 1 2 3 4 |  4.2
Translocations | 1 2 3 4 |  4.2
Transmutations | 1 2 3 4 |  4.2
Fire Magic     | 1 2 3 4 |  4.2
Ice Magic      | 1 2 3 4 |  4.2
Air Magic      | 1 2 3 4 |  4.2
Earth Magic    | 1 2 3 4 |  4.2
Poison Magic   | 1 2 3 4 |  4.2
Shapeshifting  | 1 2 3 4 |  4.7
Fighting       | 7 8 |  8.4
Short Blades   | 7 8 |  8.4
Dodging        | 7 8 |  8.4

Action                     |  1- 3 |  4- 6 |  7- 9 | 10-12 || total
---------------------------+-------+-------+-------+-------++-------
  Melee: Short sword       |   103 |       |       |       ||   103
         Bite              |    14 |     7 |    26 |     5 ||    52
         Double sword      |     5 |    85 |   178 |    20 ||   288
  Throw: Throwing net      |       |       |     2 |       ||     2
   Cast: Summon Guardian G |       |       |     2 |     1 ||     3
  Evoke: Wand              |       |     1 |     1 |     2 ||     4
    Use: Scroll            |     5 |     2 |     7 |       ||    14
         Potion            |     1 |     1 |     3 |     1 ||     6
   Stab: Sleeping          |       |     1 |     1 |       ||     2
         Distracted        |       |     1 |       |     1 ||     2
         Held in net/web   |       |       |     1 |       ||     1
 Armour: Robe              |    27 |    59 |   112 |    14 ||   212
  Dodge: Dodged            |    56 |    86 |   151 |    13 ||   306

Table legend: (Time is in decaauts)
 A = Elapsed time spent in this place.
 B = Non-inter-level travel time spent in this place.
 C = Inter-level travel time spent in this place.
 D = Time resting spent in this place.
 E = Time spent auto-exploring this place.
 F = Levels seen in this place.
 G = Mean time per level.
                   A        B        C        D        E       F      G
               +--------+--------+--------+--------+--------+-----+--------+
         Total |   7018 |   6717 |    301 |    913 |   4621 |  10 |  701.8 |
       Dungeon |   6754 |   6467 |    287 |    899 |   4522 |   8 |  844.2 |
        Temple |     26 |     13 |     13 |      0 |      0 |   1 |   26.0 |
       Ossuary |    237 |    237 |      0 |     14 |     99 |   1 |  237.0 |
               +--------+--------+--------+--------+--------+-----+--------+

Top non-repeatable levels by time:
     D:5: 1251 daAuts
     D:3: 1141 daAuts
     D:6: 1132 daAuts
     D:2: 1015 daAuts
     D:7: 819 daAuts
     D:1: 724 daAuts
     D:4: 609 daAuts
 Ossuary: 237 daAuts
     D:8: 61 daAuts
  Temple: 26 daAuts
